 Dungeon Crawl Stone Soup version 0.25.0-9-g26727b657a (webtiles) character file.

Game seed: 10377787638328239257

44 mortelune the Firebug (level 3, -1/21 HPs)
             Began as an Octopode Fire Elementalist on June 18, 2020.
             Was an Initiate of Sif Muna.
             Slain by a kobold (4 damage)
             ... on level 3 of the Dungeon.
             The game lasted 00:06:52 (2390 turns).

mortelune the Firebug (Octopode Fire Elementalist)  Turns: 2390, Time: 00:06:53

Health: -1/21      AC:  1    Str:  7    XL:     3   Next: 60%
Magic:  0/6        EV: 13    Int: 18    God:    Sif Muna [......]
Gold:   59         SH:  0    Dex: 12    Spells: 2/6 levels left

rFire    . . .     SeeInvis .   (no weapon)
rCold    . . .     Gourm    .   (no shield)
rNeg     . . .     Faith    .   (helmet restricted)
rPois    .         Spirit   .   (no amulet)
rElec    .         Reflect  .   (no ring)
rCorr    .         Harm     .   (no ring)
MR       .....                  (no ring)
Stlth    +++.......             (no ring)
HPRegen  0.07/turn              (no ring)
MPRegen  0.10/turn              (no ring)
                                (no ring)
                                (no ring)

@: very slightly contaminated
A: almost no armour, stealthy swim, amphibious, 8 rings, constrict 8, camouflage
1, gelatinous body 1
a: Renounce Religion


You were on level 3 of the Dungeon.
You worshipped Sif Muna.
Sif Muna was noncommittal.
You were very hungry.

You visited 2 branches of the dungeon, and saw 5 of its levels.

You collected 59 gold pieces.

Inventory:

Scrolls
 a - 2 scrolls of amnesia {unknown}
 d - 2 scrolls of blinking {unknown}
 f - a scroll of noise {unknown}
 g - 2 scrolls of remove curse {unknown}
 j - a scroll of magic mapping {unknown}
 k - a scroll of identify {unknown}
 o - 3 scrolls of enchant armour {unknown}
Potions
 c - 7 potions of curing
 e - 2 potions of mutation {unknown}
 i - a potion of berserk rage {unknown}
 l - 2 potions of haste {unknown}
 m - a potion of stabbing {unknown}
 n - a potion of might {unknown}
Comestibles
 b - 4 rations


   Skills:
 - Level 2.0 Dodging
 - Level 2.6 Stealth
 + Level 2.3 Spellcasting
 * Level 2.2 Conjurations
 * Level 3.6 Fire Magic


You had 2 spell levels left.
You knew the following spells:

 Your Spells              Type           Power        Failure   Level  Hunger
a - Foxfire               Conj/Fire      ##..         5%          1    #......
b - Inner Flame           Hex/Fire       #.......     24%         3    ###....

Your spell library contained the following spells:

 Spells                   Type           Power        Failure   Level  Hunger
 Conjure Flame            Conj/Fire      ##......     16%         3    ###....
 Sticky Flame             Conj/Fire      ##......     45%         4    #####..
 Fireball                 Conj/Fire      ##........   82%         5    ######.


Dungeon Overview and Level Annotations

Branches:
Dungeon (4/15)             Temple (1/1) D:4

Altars:
Cheibriados
Dithmenos
Elyvilon
Hepliaklqana
Ru
Sif Muna
Trog
Uskayaw
Vehumet
The Shining One

Annotations:
D:4 Eustachio


Innate Abilities, Weirdness & Mutations

You cannot wear most types of armour.
You are very stealthy in the water. (Stealth+)
You are amphibious.
You can wear up to eight rings at the same time.
You can use your tentacles to constrict eight enemies at once.
Your skin changes colour to match your surroundings (Stealth+).
Your rubbery body absorbs attacks. (AC +1, EV +1)


Message History

Casting: Foxfire (safe; 5% risk of failure)
Confirm with . or Enter, or press ? or * to list all spells.
Nothing appears to happen.
The foxfire hits the kobold but does no damage.
The jackal barely misses you.
A jackal comes into view.
The jackal misses you.
The jackal barks!
Casting: Foxfire (safe; 5% risk of failure)
Confirm with . or Enter, or press ? or * to list all spells.
You miscast Foxfire.
You are very lightly contaminated with residual magic.
Nothing appears to happen.
The kobold closely misses you. The jackal barely misses you.
Casting: Foxfire (safe; 5% risk of failure)
Confirm with . or Enter, or press ? or * to list all spells.
Nothing appears to happen.
The jackal bites you.
* * * LOW HITPOINT WARNING * * *
The kobold hits you.
You die...

!.... ....
#... .....
#.. .v...
#h. .h.##
#h# .... #
#K###..##[##
#@#.†......#
#h#......#.#
#...>.?.....
###†....#...
#.....#
......#
###....#
#....#
##.....


You could see 3 jackals and a kobold.

Vanquished Creatures
  3 worms
  A leopard gecko (D:2)
  2 bats (D:2)
  A giant cockroach (D:2)
  7 goblins
  4 hobgoblins
  2 ball pythons
  3 frilled lizards
  6 kobolds
  4 rats
33 creatures vanquished.

Vanquished Creatures (collateral kills)
  A kobold (D:1)
1 creature vanquished.

Vanquished Creatures (others)
  85 foxfires
85 creatures vanquished.

Grand Total: 119 creatures vanquished

Notes
Turn   | Place    | Note
-------+----------+-------------------------------------------
     0 | D:1      | mortelune the Octopode Fire Elementalist began the quest
                  | for the Orb.
     0 | D:1      | Reached XP level 1. HP: 11/11 MP: 3/3
   466 | D:1      | Reached XP level 2. HP: 17/17 MP: 3/5
  1558 | D:2      | Reached XP level 3. HP: 21/21 MP: 1/6
  1700 | D:2      | Learned a level 3 spell: Inner Flame
  2075 | D:2      | You fall into a shaft and drop 2 floors!
  2128 | D:4      | Found a staircase to the Ecumenical Temple.
  2208 | Temple   | Entered the Ecumenical Temple
  2303 | Temple   | Became a worshipper of Sif Muna the Loreminder
  2359 | D:4      | Noticed Eustachio
  2390 | D:3      | Slain by a kobold

Illustrated notes

Levels and vault maps discovered:
D:1:      mrwooster_arrival_statue_3, layout_basic, minmay_pentomino_u2
D:2:      layout_rooms, zin_academy, first_ration
D:3:      minmay_angry_zag, layout_rooms, gammafunk_temple_overflow_forgotten
D:4:      layout_rooms, kennysheep_mini_moat, minmay_temple_entry_statues,
          uniq_eustachio, uniq_edmund
Temple:   zaba_magenta_temple

Skill      XL: |  1  2  3 |
---------------+----------+-----
Conjurations   | 2 |  2.2
Dodging        | |  2.0
Stealth        | |  2.6
Spellcasting   | |  2.3
Fire Magic     | |  3.6

Action                   || total
-------------------------++-------
Melee: Unarmed           ||     2
       Constrict         ||     2
 Cast: Foxfire           ||    62
  Use: Potion            ||     1
  Eat: Chunk             ||     4
Armor: Skin              ||     1
Dodge: Dodged            ||    25
